Map: Hardwire LE

Players

Insane - Winner!

  • Race: Zerg Zerg
  • League: Platinum

RadioPower

  • Race: Protoss Protoss
  • League: Platinum

VOD

Have the link to the VOD?

Description

Time

  • Played on: Jan. 29, 2022, 4:23 a.m.
  • Length: 11:09
Show
View Real Time Build Order
Export as new Build Order

Insane Zerg - Winner!

Build Orders: Pool First, Roach Hydra 

Get SALT Encoding   

  12  0:00  Drone  
  13  0:09  Drone  
  14  0:17  Overlord  
  14  0:25  Extractor  
  14  0:26  Drone  
  15  0:38  Drone x2  
  17  0:49  Spawning Pool  
  16  0:50  Drone  
  17  1:09  Hatchery  
  16  1:12  Drone  
  16  1:17  Extractor  
  16  1:22  Drone x2  
  18  1:37  Drone x2  
  20  1:40  Queen  
  22  1:48  Overlord  
  22  2:14  Drone x2  
  24  2:18  Queen  
  26  2:28  Drone  
  26  2:29  Drone  
  28  2:30  Metabolic Boost  
  28  2:32  Drone  
  28  2:33  Queen, Drone  
  32  2:42  Drone  
  33  2:48  Drone  
  33  2:50  Overlord  
  34  2:51  Overlord  
  34  2:53  Overlord  
  34  3:01  Roach Warren  
  33  3:10  Drone  
  33  3:11  Drone x3  
  37  3:28  Drone x6  
  43  3:42  Queen  
  43  3:43  Drone x2  
  43  3:44  Hatchery  
  43  3:46  Overlord  
  46  3:50  Drone x2  
  46  3:52  Zergling x2  
  49  4:05  Drone x7, Extractor x2  
  49  4:06  Extractor  
  53  4:17  Queen  
  55  4:29  Drone x5  
  60  4:39  Roach x4  
  60  4:43  Overlord  
  60  4:44  Overlord  
  68  5:03  Queen  
  68  5:05  Roach x6  
  82  5:26  Roach  
  82  5:27  Roach x3  
  90  5:28  Overlord x2  
  90  5:29  Overlord  
  90  5:45  Evolution Chamber  
  90  5:46  Lair  
  90  5:47  Evolution Chamber  
  88  5:52  Roach x11  
  88  5:53  Roach x2  
  114  5:58  Overlord x3  
  114  6:20  Zerg Ground Armor Level 1, Zerg Missile Weapons Level 1  
  114  6:36  Drone x14  
  114  6:39  Extractor  
  127  6:40  Extractor  
  127  6:46  Hydralisk Den, Glial Reconstitution  
  125  6:48  Drone x6  
  131  7:05  Hatchery  
  130  7:23  Queen  
  132  7:30  Hydralisk x3  
  138  7:41  Roach x2  
  138  7:42  Roach  
  138  7:43  Overlord x6  
  137  7:58  Roach  
  137  8:19  Overseer x2  
  137  8:22  Zerg Missile Weapons Level 2  
  137  8:24  Grooved Spines  
  137  8:26  Drone x5  
  137  8:27  Drone x7  
  149  8:30  Extractor  
  148  8:55  Hydralisk x7  
  148  8:56  Hydralisk x9  
  180  9:06  Infestation Pit  
  180  9:09  Queen  
  181  9:11  Drone x4  
  185  9:28  Hydralisk  
  185  9:29  Hydralisk  
  185  9:30  Hydralisk  
  191  9:33  Overlord x6  
  191  9:36  Muscular Augments  
  165  10:12  Roach x18  
  165  10:13  Roach x3  
  175  10:22  Roach  
  175  10:23  Roach x3  
  175  10:28  Drone x2  
  185  10:30  Drone  
  185  10:34  Extractor  
  167  10:46  Hatchery  
  160  10:55  Drone  
Show
View Real Time Build Order
Export as new Build Order

RadioPower Protoss 

Build Orders: Chargelot Immortal 

Get SALT Encoding   

  12  0:01  Probe  
  13  0:13  Probe  
  14  0:22  Pylon  
  14  0:25  Probe  
  15  0:40  Probe (Chrono Boost)  
  16  0:43  Gateway  
  16  0:52  Probe (Chrono Boost)  
  17  0:58  Forge  
  17  1:01  Probe (Chrono Boost)  
  18  1:10  Probe  
  19  1:13  Assimilator  
  19  1:22  Probe (Chrono Boost)  
  20  1:34  Probe (Chrono Boost)  
  21  1:40  Cybernetics Core  
  21  1:41  Probe (Chrono Boost)  
  22  1:49  Photon Cannon  
  22  2:08  Probe  
  23  2:15  Pylon  
  23  2:22  Nexus  
  23  2:26  Pylon  
  23  2:33  Adept, Probe  
  26  2:38  Assimilator  
  26  2:45  Probe (Chrono Boost)  
  27  2:57  Probe (Chrono Boost)  
  28  3:04  Twilight Council  
  28  3:12  Probe, Warp Gate  
  29  3:16  Zealot  
  31  3:25  Probe  
  31  3:32  Robotics Facility  
  31  3:42  Photon Cannon  
  31  3:45  Photon Cannon  
  31  3:48  Shield Battery  
  31  3:49  Probe  
  31  3:50  Assimilator  
  31  3:51  Charge (Chrono Boost)  
  31  3:53  Assimilator  
  32  3:56  Probe  
  32  4:01  Probe  
  32  4:02  Stalker  
  36  4:09  Probe  
  37  4:16  Probe (Chrono Boost)  
  38  4:21  Probe (Chrono Boost)  
  39  4:29  Probe (Chrono Boost)  
  39  4:30  Probe (Chrono Boost)  
  41  4:32  Immortal (Chrono Boost)  
  41  4:34  Probe (Chrono Boost)  
  46  4:42  Gateway  
  46  4:46  Sentry  
  46  4:52  Gateway  
  48  5:00  Probe  
  48  5:06  Templar Archives  
  49  5:10  Warp Prism  
  51  5:18  Probe  
  52  5:25  Pylon  
  52  5:28  Pylon  
  52  5:30  Probe  
  52  5:32  Pylon  
  53  5:40  Protoss Ground Weapons Level 1 (Chrono Boost)  
  53  5:43  Probe  
  54  5:53  Psionic Storm  
  54  5:55  Zealot  
  54  5:56  Zealot  
  58  5:58  Zealot  
  60  6:07  Probe (Chrono Boost)  
  60  6:10  Probe (Chrono Boost)  
  62  6:13  Observer  
  64  6:18  Probe (Chrono Boost)  
  64  6:21  Probe (Chrono Boost), Gateway  
  65  6:26  Gateway  
  65  6:31  Probe  
  66  6:34  Zealot x3  
  72  6:55  Zealot x3  
  70  7:35  Zealot x4  
  74  7:47  Zealot  
  74  7:48  Protoss Ground Armor Level 1 (Chrono Boost)  
  70  8:01  Zealot x4  
  70  8:04  Pylon  
  78  8:08  Pylon x2  
  78  8:11  Forge  
  78  8:22  Probe, Immortal  
  78  8:23  Nexus  
  78  8:24  Pylon  
  78  8:26  Pylon x2  
  83  8:28  High Templar  
  83  8:29  High Templar  
  83  8:32  Archon  
  83  8:34  Pylon  
  87  8:38  Gateway  
  87  8:40  High Templar  
  87  8:41  Gateway  
  83  9:02  Immortal  
  86  9:06  Zealot  
  86  9:07  High Templar  
  86  9:08  High Templar x2  
  94  9:33  Zealot x2  
  94  9:38  High Templar  
  100  9:41  Zealot x4, Immortal  
  100  9:44  Nexus  
  112  9:45  Pylon  
  112  9:48  Pylon  
  112  9:50  Pylon  
  59  10:23  Zealot x4  
  59  10:25  Zealot  
  59  10:27  Zealot  
  59  10:28  Zealot  
  54  10:54  Zealot  
  54  10:55  Zealot x3  
  58  10:59  Zealot x3  
Tags
 
Add a new tag
Caveats
  • Supply blocks, unpowered buildings, or Contaminate may cause inaccurate times.
  • Supply counts are checked every 10 seconds.